 Seeded DCSS version 0.32-a0-450-g080537f31e (webtiles) character file.

Game seed: 6965631656755398118 (custom seed)

654 CougarLife the Digger (level 7, -10/36 HPs)
             Began as a Gargoyle Earth Elementalist on Feb 23, 2024.
             Shot with a sling bullet by a gnoll sergeant (11 damage)
             ... on level 5 of the Dungeon.
             The game lasted 00:05:06 (4542 turns).

CougarLife the Digger (Gargoyle Earth Elementalist) Turns: 4542, Time: 00:05:07

Health: -10/36     AC:  7    Str: 12    XL:     7   Next: 54%
Magic:  0/13       EV: 11    Int: 17    God:
Gold:   269        SH:  0    Dex: 10    Spells: 11/15 levels left

rFire   . . .        e - +1 dagger (venom)
rCold   . . .        (no shield)
rNeg    + . .        a - +0 robe
rPois   ∞            i - +0 helmet
rElec   +            (no cloak)
rCorr   .            (no gloves)
SInv    .            (no boots)
Will    .....        (no amulet)
Stlth   ++           v - +4 ring of slaying
HPRegen 0.26/turn    (no ring)
MPRegen 0.13/turn

%: no passive effects
@: no status effects
A: sickness immunity, AC +4, negative energy resistance 1, electricity
resistance, torment resistance 1, petrification resistance
a: no special abilities


You were on level 5 of the Dungeon.
You visited 1 branch of the dungeon, and saw 5 of its levels.

You collected 269 gold pieces.

Inventory:

Hand Weapons
 e - a +1 dagger of venom (weapon)
Armour
 a - a +0 robe (worn)
 i - a +0 helmet (worn)
Jewellery
 v - a +4 ring of slaying (left hand)
Wands
 g - a wand of roots (6)
 m - a wand of flame (10)
 r - a wand of mindburst (12)
Scrolls
 c - a scroll of acquirement {unknown}
 j - a scroll of amnesia {unknown}
 l - 3 scrolls of identify {unknown}
 s - a scroll of poison {unknown}
 t - a scroll of noise {unknown}
 w - a scroll of enchant armour {unknown}
Potions
 b - a potion of magic
 d - 2 potions of enlightenment {unknown}
 f - a potion of heal wounds {unknown}
 h - a potion of resistance {unknown}
 k - a potion of lignification {unknown}
 n - 2 potions of curing {unknown}
 o - a potion of invisibility {unknown}
 p - a potion of cancellation {unknown}
 q - 2 potions of attraction {unknown}
 u - 3 potions of haste {unknown}


   Skills:
 - Level 1.5 Dodging
 - Level 2.1 Stealth
 + Level 4.6 Spellcasting
 + Level 5.0 Conjurations
 + Level 6.6 Earth Magic


You had 11 spell levels left.
You knew the following spells:

 Your Spells              Type           Power      Damage    Failure   Level
a - Sandblast             Erth           52%        2d12      1%          1
b - Stone Arrow           Conj/Erth      46%        3d9       4%          3

Your spell library contained the following spells:

 Spells                   Type           Power      Damage    Failure   Level
 Passwall                 Erth           26%        N/A       3%          3
 Momentum Strike          Conj/Tloc      24%        3d8       9%          2
 Brom's Barrelling Bould  Conj/Erth      23%        2d4       14%         4
 Blink                    Tloc           6%         N/A       22%         2
 Lesser Beckoning         Tloc           6%         N/A       22%         2
 Petrify                  Alch/Erth      15%        N/A       36%         4
 Borgnjor's Vile Clutch   Necr/Erth      7%         N/A       71%         5
 Animate Dead             Necr           3%         N/A       83%         4
 Death Channel            Necr           1%         N/A       100%        6


Dungeon Overview and Level Annotations

Branches:
Dungeon (5/15)
 Temple: D:4-7

Altars:
Beogh

Shops:
D:1 (!   D:2 *   D:3 [

Annotations:
D:3 3 runed translucent doors, pazhot's ghost, weakling CoGl


Innate Abilities, Weirdness & Mutations

You are immune to sickness and miasma.
Your stone body is resilient. (AC +4)
You are immune to poison.
You resist negative energy. (rN+)
You are resistant to electric shocks. (rElec)
You are resistant to unholy torment.
You are immune to petrification.


Message History

The gnoll sergeant shoots a sling bullet.
The sling bullet hits you.
Casting: Stone Arrow (dangerous; 4% risk of failure)
Confirm with . or Enter, or press ? or * to list all spells.
Aiming: Stone Arrow (dangerous; 4% risk of failure)
Press: ? - help, Shift-Dir - straight line, f/p - gnoll sergeant
Aim: a gnoll sergeant, wielding a +0 sling and wearing a +0 scale mail (moderately wounded, 79% to hit)
The stone arrow hits the gnoll sergeant!
The gnoll sergeant is heavily wounded.
Casting: Stone Arrow (dangerous; 4% risk of failure)
Confirm with . or Enter, or press ? or * to list all spells.
You don't have enough magic to cast this spell.
Unknown command.
Casting: Stone Arrow (dangerous; 4% risk of failure)
Confirm with . or Enter, or press ? or * to list all spells.
Aiming: Sandblast (safe; 1% risk of failure)
Press: ? - help, Shift-Dir - straight line, f/p - gnoll sergeant
Aim: a gnoll sergeant, wielding a +0 sling and wearing a +0 scale mail (heavily wounded, 87% to hit)
The blast of sand misses the gnoll.
The blast of sand hits the gnoll sergeant.
The gnoll sergeant is heavily wounded.
The gnoll hits you from afar with a +0 halberd.
The gnoll barely misses you.
Casting: Sandblast (safe; 1% risk of failure)
Confirm with . or Enter, or press ? or * to list all spells.
Aiming: Sandblast (safe; 1% risk of failure)
Press: ? - help, Shift-Dir - straight line, f/p - gnoll sergeant
Aim: a gnoll sergeant, wielding a +0 sling and wearing a +0 scale mail (heavily wounded, 87% to hit)
The blast of sand misses the gnoll sergeant.
The gnoll sergeant shoots a sling bullet.
The sling bullet hits you! The gnoll misses you.
The gnoll sergeant shoots a sling bullet.
The sling bullet hits you.
* * * LOW HITPOINT WARNING * * *
The gnoll sergeant shoots a sling bullet.
The sling bullet hits you!
* * * LOW HITPOINT WARNING * * *
The gnoll sergeant shoots a sling bullet.
The sling bullet hits you!
You die...

#...........#
#.#########.# #.#
#.# #.# #####.# #.#
#....[# #.# #.....#
#.# #.....# ##.#.
#.#
###.....#####......
........@..)gg.....
####...######......
##.## ..... #. ....
#. ... #. .. #


You could see a gnoll sergeant and a gnoll.

Vanquished Creatures
  Eustachio (D:5)
  A phantom (D:3)
  A bombardier beetle (D:3)
  A gnoll bouda (D:3)
  Ijyb (D:3)
  Natasha (thrice) (D:2)
  An iguana (D:4)
  An orc wizard (D:4)
  Robin (D:2)
  8 gnolls
  5 adders
  2 ribbon worms
  A dart slug (D:4)
  2 orcs (D:4)
  6 ball pythons
  7 bats
  7 endoplasms
  3 giant cockroaches
  10 goblins (D:2)
  7 hobgoblins
  7 jackals
  3 quokkas (D:2)
  3 frilled lizards (D:1)
  7 kobolds
  2 rats (D:1)
91 creatures vanquished.

Notes
Turn   | Place    | Note
-------+----------+-------------------------------------------
     0 | D:1      | CougarLife the Gargoyle Earth Elementalist began the quest
                  | for the Orb.
     0 | D:1      | Reached XP level 1. HP: 10/10 MP: 3/3
    93 | D:1      | Reached XP level 2. HP: 5/15 MP: 0/5
   154 | D:1      | Found Baxzixzy's Distillery.
   561 | D:1      | Reached skill level 4 in Earth Magic
   659 | D:1      | Reached XP level 3. HP: 12/19 MP: 0/6
   751 | D:1      | Found Ashripp's Weapon Shoppe.
  1254 | D:2      | Identified the +2 kite shield of Untold Secrets {Str+4
                  | Int+5 Slay-3 SInv}
  1262 | D:2      | Noticed Robin
  1268 | D:2      | Reached XP level 4. HP: 24/24 MP: 4/8
  1275 | D:2      | Killed Robin
  1404 | D:2      | Found Sozous's Assorted Antiques.
  1473 | D:2      | Noticed Natasha
  1476 | D:2      | Killed Natasha
  1756 | D:2      | Noticed Natasha
  1759 | D:2      | Killed Natasha
  1760 | D:2      | Reached XP level 5. HP: 27/28 MP: 6/9
  1945 | D:2      | Noticed Natasha
  1947 | D:2      | Killed Natasha
  1948 | D:2      | Reached skill level 5 in Earth Magic
  2069 | D:3      | Noticed a phantom
  2074 | D:3      | Killed a phantom
  2075 | D:3      | Reached XP level 6. HP: 26/32 MP: 5/11
  2136 | D:3      | Learned a level 3 spell: Stone Arrow
  2181 | D:3      | Noticed Ijyb
  2192 | D:3      | Killed Ijyb
  2374 | D:3      | Found Tiomocil's Antique Armour Boutique.
  2832 | D:3      | Found a runed translucent gate.
  2839 | D:3      | Found a runed translucent gate.
  2839 | D:3      | Identified the +1 leather armour of Insurance {Rampage
                  | rCorr}
  2839 | D:3      | Noticed pazhot's ghost (weakling CoGl)
  2840 | D:3      | Found a runed translucent gate.
  2982 | D:3      | Found a roughly hewn altar of Beogh.
  3833 | D:4      | Reached skill level 6 in Earth Magic
  3840 | D:4      | Reached XP level 7. HP: 27/36 MP: 3/13
  4332 | D:5      | Entered Level 5 of the Dungeon
  4448 | D:5      | Noticed Eustachio
  4455 | D:5      | Killed Eustachio
  4534 | D:5      | Reached skill level 5 in Conjurations
  4541 | D:5      | HP: 1/36 [gnoll sergeant/sling bullet (7)]
  4542 | D:5      | Shot with a sling bullet by a gnoll sergeant

Illustrated notes

Levels and vault maps discovered:
D:1:      dpeg_arrival_solitude, layout_loops_corners, serial_shops, shop, shop
D:2:      layout_loops_cross, serial_shops, shop, uniq_natasha, uniq_robin
D:3:      layout_loops_ring, biasface_ghost_orc_armoury, serial_shops,
          nicolae_shop_tiny_real_fake_doors, uniq_ijyb
D:4:      layout_layer_cave, minmay_gold_behind_fungi
D:5:      layout_loops_ring, kennysheep_generic_room_13, uniq_eustachio

Skill      XL: |  1  2  3  4  5  6  7 |
---------------+----------------------+-----
Earth Magic    | 4 5 6 |  6.6
Conjurations   | 2 3 4 5 |  5.0
Spellcasting   | 3 4 |  4.6
Dodging        | |  1.5
Stealth        | |  2.1

Action                     |  1- 3 |  4- 6 |  7- 9 || total
---------------------------+-------+-------+-------++-------
  Melee: Short sword       |    11 |       |       ||    11
         Dagger            |    10 |    16 |     8 ||    34
   Cast: Sandblast         |    37 |    80 |     6 ||   123
         Stone Arrow       |       |     2 |    10 ||    12
   Stab: Sleeping          |     2 |       |       ||     2
         Distracted        |     1 |       |       ||     1
 Armour: Robe              |    17 |    35 |    20 ||    72
  Dodge: Dodged            |    25 |    28 |     9 ||    62

Table legend: (Time is in decaauts)
 A = Elapsed time spent in this place.
 B = Non-inter-level travel time spent in this place.
 C = Inter-level travel time spent in this place.
 D = Time resting spent in this place.
 E = Time spent auto-exploring this place.
 F = Levels seen in this place.
 G = Mean time per level.
                   A        B        C        D        E       F      G
               +--------+--------+--------+--------+--------+-----+--------+
         Total |   4608 |   4411 |    197 |    448 |   3354 |   5 |  921.6 |
       Dungeon |   4608 |   4411 |    197 |    448 |   3354 |   5 |  921.6 |
               +--------+--------+--------+--------+--------+-----+--------+

Top non-repeatable levels by time:
     D:4: 1217 daAuts
     D:3: 1152 daAuts
     D:2: 1055 daAuts
     D:1: 971 daAuts
     D:5: 212 daAuts
